 Dungeon Crawl Stone Soup version 0.30.0-5-g1a98f26d00 (webtiles) character file.

Game seed: 15448985173469620484

215 zlionsfan the Sneak (level 6, -9/45 HPs)
             Began as a Human Enchanter on May 13, 2023.
             Splashed by a jelly's acid (10 damage)
             ... on level 3 of the Dungeon.
             The game lasted 00:10:43 (3432 turns).

zlionsfan the Sneak (Human Enchanter)               Turns: 3432, Time: 00:10:45

Health: -9/45      AC: -10   Str:  8    XL:     6   Next: 15%
Magic:  5/19       EV: 17    Int: 17    God:
Gold:   197        SH:  0    Dex: 14    Spells: 9/11 levels left

rFire   . . .        a - +2 dagger (elec)
rCold   . . .        (no shield)
rNeg    . . .        b - +0 robe
rPois   .            (no helmet)
rElec   .            (no cloak)
rCorr   .            (no gloves)
SInv    .            (no boots)
Will    .....        (no amulet)
Stlth   +++          g - +5 ring of evasion
HPRegen 0.27/turn    p - ring of magical power
MPRegen 0.16/turn

%: no passive effects
@: corroded, very slightly contaminated, invisible
A: no striking features
a: no special abilities


You were on level 3 of the Dungeon.
You visited 1 branch of the dungeon, and saw 4 of its levels.

You collected 197 gold pieces.

Inventory:

Hand Weapons
 a - a +2 dagger of electrocution (weapon)
Missiles
 t - 6 boomerangs of dispersal (quivered)
Armour
 b - a +0 robe (worn)
Jewellery
 g - a +5 ring of evasion (left hand)
 p - a ring of magical power (right hand)
Wands
 q - a wand of paralysis (4)
Scrolls
 d - a scroll of fear {unknown}
 f - 2 scrolls of teleportation {unknown}
 h - a scroll of poison {unknown}
 k - a scroll of brand weapon {unknown}
 l - 2 scrolls of identify {unknown}
 r - a scroll of immolation {unknown}
 s - 2 scrolls of magic mapping {unknown}
Potions
 e - 2 potions of haste {unknown}
 i - a potion of magic {unknown}
 j - 2 potions of brilliance {unknown}
 m - 2 potions of lignification {unknown}
 n - a potion of resistance {unknown}
 o - 2 potions of cancellation {unknown}


   Skills:
 * Level 2.3 Fighting
 * Level 2.0 Short Blades
 + Level 2.3 Dodging
 + Level 4.0 Stealth
 * Level 3.0 Spellcasting
 + Level 3.3 Hexes
 * Level 1.4 Ice Magic


You had 9 spell levels left.
You knew the following spells:

 Your Spells              Type           Power      Damage    Failure   Level
a - Ensorcelled Hibernat  Hex/Ice        20%        N/A       10%         2

Your spell library contained the following spells:

 Spells                   Type           Power      Damage    Failure   Level
 Confusing Touch          Hex            14%        N/A       13%         3
 Tukima's Dance           Hex            14%        N/A       13%         3
 Dazzling Flash           Conj/Hex       16%        N/A       26%         3


Dungeon Overview and Level Annotations

Branches:
Dungeon (4/15)
 Temple: D:4-7

Altars:
Cheibriados
Yredelemnul

Shops:
D:2 *

Annotations:
D:2 Robin
D:3 2 transporters
D:4 Eustachio


Message History

The jelly barely misses you.
Casting: Ensorcelled Hibernation (safe; 10% risk of failure)
Confirm with . or Enter, or press ? or * to list all spells.
Aiming: Ensorcelled Hibernation (safe; 10% risk of failure)
Press: ? - help, Shift-Dir - straight line, f/p - jelly
Aim: a jelly (chance to affect: 52%)
You miscast Ensorcelled Hibernation.
You are very lightly contaminated with residual magic.
Nothing appears to happen.
The jelly hits you but does no damage.
Casting: Ensorcelled Hibernation (safe; 10% risk of failure)
Confirm with . or Enter, or press ? or * to list all spells.
Aiming: Ensorcelled Hibernation (safe; 10% risk of failure)
Press: ? - help, Shift-Dir - straight line, f/p - jelly
Aim: a jelly (chance to affect: 52%)
The jelly resists with significant effort.
The jelly hits you.
You are splashed with acid!
You barely miss the jelly. The jelly hits you. The acid corrodes you!
You are splashed with acid!
Casting: Ensorcelled Hibernation (safe; 10% risk of failure)
Confirm with . or Enter, or press ? or * to list all spells.
Aiming: Ensorcelled Hibernation (safe; 10% risk of failure)
Press: ? - help, Shift-Dir - straight line, f/p - jelly
Aim: a jelly (chance to affect: 52%)
The jelly resists with significant effort.
The jelly hits you. The acid corrodes you!
You are splashed with acid.
* * * LOW HITPOINT WARNING * * *
You fade into invisibility!
The jelly misses you.
You hit the jelly but do no damage. Lightning courses through the jelly!
Your hands burn!
* * * LOW HITPOINT WARNING * * *
The jelly is heavily wounded.
The jelly barely misses you.
You hit the jelly.
Your hands burn!
* * * LOW HITPOINT WARNING * * *
The jelly is severely wounded.
The jelly hits you.
* * * LOW HITPOINT WARNING * * *
The acid corrodes you!
You are splashed with acid!
You die...

##.#... #.#
#....#######.##########
#.....................# ##
#..#########.########.# .#
#..)..)....#.#....).#.#
.#############)#.#.####.#.#
........# ###)#.#......#.#
........####...#.#..#####.#
...............J@#..# #.#
_..........#.#####..# #.#
....####.###........# #.#
...## #.# ########.# #.#
#### ##.# #)# #.# ##..# #.#
#.# #####..###### #.#####.#
##...........######.......#
#....................######


You could see a jelly.

Vanquished Creatures
  A hound zombie (D:3)
  4 gnolls (D:3)
  5 adders
  2 adder zombies (D:3)
  3 worms (D:3)
  2 dart slugs (D:1)
  9 orcs (D:3)
  6 ball pythons
  7 bats
  8 endoplasms
  3 giant cockroaches
  13 goblins
  6 hobgoblins
  2 jackals (D:3)
  4 quokkas
  A frilled lizard (D:3)
  4 kobolds
  A quokka zombie (D:3)
  6 rats
87 creatures vanquished.

Notes
Turn   | Place    | Note
-------+----------+-------------------------------------------
     0 | D:1      | zlionsfan the Human Enchanter began the quest for the Orb.
     0 | D:1      | Reached XP level 1. HP: 13/13 MP: 3/3
   196 | D:1      | Reached XP level 2. HP: 15/19 MP: 5/5
   199 | D:1      | Learned a level 2 spell: Ensorcelled Hibernation
   630 | D:1      | Reached skill level 1 in Fighting
   686 | D:1      | Reached XP level 3. HP: 26/26 MP: 6/6
  1298 | D:2      | Reached XP level 4. HP: 29/32 MP: 4/7
  1456 | D:2      | You fall into a shaft and drop 2 floors!
  1458 | D:4      | Noticed Eustachio
  1578 | D:3      | Found a transporter.
  1628 | D:2      | Noticed Robin
  1740 | D:2      | Found a transporter.
  1743 | D:2      | Found Muz Jia's Assorted Antiques.
  2327 | D:2      | Found a transporter.
  2538 | D:3      | Reached XP level 5. HP: 28/38 MP: 3/8
  2729 | D:3      | Found a basalt altar of Yredelemnul.
  2737 | D:3      | Reached skill level 1 in Ice Magic
  3034 | D:3      | Found a snail-covered altar of Cheibriados.
  3071 | D:3      | Reached skill level 4 in Stealth
  3263 | D:3      | Reached XP level 6. HP: 44/44 MP: 10/10
  3312 | D:3      | Identified the ring "Yhaaloan" {rC+ rN+ EV+5}
  3329 | D:3      | Found a transporter.
  3432 | D:3      | HP: 2/45 [acid (2)]
  3432 | D:3      | Splashed by a jelly's acid

Illustrated notes

Levels and vault maps discovered:
D:1:      dpeg_arrival_windows_large_door, layout_basic
D:2:      layout_loops_cross, serial_shops, nicolae_shop_drivethru,
          minmay_box_of_dots, uniq_robin
D:3:      layout_basic, cheibriados_altar_1, nicolae_yredelemnul_corpse_copse,
          gammafunk_ghost_gnarly_gnolls, wad_orctagon
D:4:      layout_loops_cross, mainiacjoe_overflow_alcove_2, uniq_eustachio,
          uniq_ijyb, uniq_edmund, uniq_crazy_yiuf_cottage, uniq_natasha

Skill      XL: |  1  2  3  4  5  6 |
---------------+-------------------+-----
Fighting       | 1 2 |  2.3
Ice Magic      | 1 |  1.4
Stealth        | 4 |  4.0
Spellcasting   | 3 |  3.0
Short Blades   | 2 |  2.0
Dodging        | |  2.3
Hexes          | |  3.3

Action                     |  1- 3 |  4- 6 || total
---------------------------+-------+-------++-------
  Melee: Dagger            |    86 |   104 ||   190
         Punch             |     1 |       ||     1
   Cast: Ensorcelled Hiber |    17 |    50 ||    67
    Use: Potion            |     1 |     1 ||     2
   Stab: Sleeping          |    19 |    37 ||    56
         Invisible         |     2 |       ||     2
 Armour: Robe              |    13 |    12 ||    25
  Dodge: Dodged            |    55 |    97 ||   152
